cohdb
Replays
Latest Replays
All Replays
Popular Replays
Top Player Replays
Match Explorer
How It Works
Community
CoH3 Stats
Reddit
Sign in to upload your games and track your stats! →
Sign in with Steam
Match 44448617
Unlisted
Match 44448617
Overview
Messages
Build Orders
End
Construct Section Command Post
Vickers Machine Gun Team
Selects Heavy Armor Battlegroup
ML 3-inch Mortar Team
Infantry Section
Infantry Section
Grenade Package
Construct Platoon Command Post
Selects Rigorous Vehicle Training
Unlock M3 Stuart Light Tanks
CMP 15cwt Truck
M3 Stuart Light Tank
Selects Forward Repair Assembly
M3 Stuart Light Tank
Light Vehicle Training
Selects UNKNOWN (2162094)
Selects Light Vehicle Withdraw and Refit
Selects UNKNOWN (202330)
Construct Company Command Post
Churchill IV Heavy Tank
Kirschinator
Serial Chiller
Mr.Y
™
121332567
Forg
men4ik =)
BritishBeef
0
0
Comments
sign in to comment!
No comments posted yet!